 Dungeon Crawl Stone Soup version 0.21-a0-474-g05767a10c8 (webtiles) character file.

10348 Malachi the Cleaver (level 11, -7/130 HPs)
             Began as a Demonspawn Berserker on Nov 22, 2017.
             Was a High Priest of Trog.
             Mangled by a 15-headed hydra (11 damage)
             ... on level 1 of the Lair of Beasts.
             The game lasted 00:21:05 (11209 turns).

Malachi the Cleaver (Demonspawn Berserker)         Turns: 11209, Time: 00:21:06

Health: -7/130     AC: 24    Str: 25    XL:     11   Next: 35%
Magic:  11/11      EV: 15    Int: 11    God:    Trog [*****.]
Gold:   877        SH:  0    Dex: 13    Spells: 10/10 levels left

rFire    . . .     SeeInvis +   H - +1 battleaxe (vamp)
rCold    . . .     Gourm    .   (shield currently unavailable)
rNeg     . . .     Faith    .   Q - +0 plate armour
rPois    +         Spirit   .   T - +0 hat
rElec    .         Reflect  .   G - +2 cloak
rCorr    .         Harm     .   E - +1 pair of gloves
MR       .....                  J - +0 pair of boots
Stlth    ..........             (no amulet)
HPRegen  0.31/turn              s - +5 ring of evasion
MPRegen  0.12/turn              m - ring of see invisible

@: berserking, very quick
A: beak, talons 2, molten scales 2, blink, clever 1, poison resistance, powered
by death 2, shaggy fur 1
a: Blink, Berserk, Trog's Hand, Brothers in Arms, Burn Spellbooks, Renounce
Religion


You were on level 1 of the Lair of Beasts.
You worshipped Trog.
Trog was extremely pleased with you.
You were hungry.

You visited 3 branches of the dungeon, and saw 12 of its levels.

You collected 921 gold pieces.
You spent 44 gold pieces at shops.

Inventory:

Hand Weapons
 H - a +1 vampiric battleaxe (weapon)
 O - the +4 trident of Ysiamyq {pierce, rPois rC++ rN+ MR-}
   (You found it on level 10 of the Dungeon)

   It inflicts extra damage upon your enemies.
   It greatly protects you from cold.
   It protects you from poison.
   It protects you from negative energy.
   It affects your resistance to hostile enchantments.
Armour
 v - a +0 helmet
 E - a +1 pair of gloves (worn)
 G - a +2 cloak (worn)
 J - a +0 pair of boots (worn)
 Q - a +0 plate armour (worn)
 T - a +0 hat (worn)
Jewellery
 l - an uncursed ring of ice
 m - a ring of see invisible (right hand)
 s - a +5 ring of evasion (left hand)
 z - an uncursed ring of protection from fire
 K - a cursed -2 ring of evasion
 P - an uncursed amulet of harm
 R - an uncursed amulet of guardian spirit
 U - a cursed -3 ring of protection {unknown}
 X - an uncursed ring of protection from magic {unknown}
Wands
 u - a wand of paralysis (9)
 w - a wand of random effects (31)
 B - a wand of polymorph (7)
 C - a wand of flame (10)
 F - a wand of disintegration (12)
Scrolls
 e - 3 scrolls of identify
 j - 4 scrolls of immolation
 o - 7 scrolls of teleportation
 p - a scroll of blinking
 y - 2 scrolls of magic mapping
 D - 3 scrolls of remove curse
 L - a scroll of enchant armour
 S - a scroll of enchant weapon
 Y - a scroll of holy word {unknown}
Potions
 a - a potion of ambrosia
 b - 4 potions of magic
 d - a potion of agility
 g - 3 potions of haste
 i - a potion of invisibility
 n - 7 potions of brilliance
 x - a potion of curing
 A - 2 potions of heal wounds
 I - 4 potions of might
 N - a potion of flight
Books
 q - a book of Minor Magic

   Spells                             Type                      Level
   a - Magic Dart                     Conjuration                  1
   b - Blink                          Translocation                2
   c - Call Imp                       Summoning                    2
   d - Slow                           Hexes                        2
   e - Conjure Flame                  Conjuration/Fire             3
   f - Mephitic Cloud                 Conjuration/Poison/Air       3
   Trog disapproves of the use of such an item.
 r - a book of Cantrips

   Spells                             Type                      Level
   a - Confusing Touch                Hexes                        1
   b - Animate Skeleton               Necromancy                   1
   c - Summon Small Mammal            Summoning                    1
   d - Apportation                    Translocation                1
   Trog disapproves of the use of such an item.
 t - a book of Clouds

   Spells                             Type                      Level
   a - Poisonous Vapours              Poison/Air                   2
   b - Mephitic Cloud                 Conjuration/Poison/Air       3
   c - Conjure Flame                  Conjuration/Fire             3
   d - Freezing Cloud                 Conjuration/Ice/Air          6
   e - Ring of Flames                 Charms/Fire                  7
   Trog disapproves of the use of such an item.
 M - a book of Cantrips

   Spells                             Type                      Level
   a - Confusing Touch                Hexes                        1
   b - Animate Skeleton               Necromancy                   1
   c - Summon Small Mammal            Summoning                    1
   d - Apportation                    Translocation                1
   Trog disapproves of the use of such an item.
Comestibles
 c - 6 bread rations
 f - 9 fruits
 h - 16 royal jellies
 k - 8 meat rations


   Skills:
 + Level 8.3 Fighting
 + Level 11.5 Axes
 + Level 0.1(7.3) Polearms
 + Level 7.5 Armour
 + Level 5.8 Dodging
 + Level 3.2 Stealth


You had 10 spell levels left.
You didn't know any spells.

Dungeon Overview and Level Annotations

Branches:
Dungeon (10/15)            Temple (1/1) D:6            Lair (1/6) D:10
    Orc: D:9-12

Altars:
Ashenzari
Cheibriados
Dithmenos
Elyvilon
Fedhas
Gozag
Hepliaklqana
Kikubaaqudgha
Makhleb
Nemelex Xobeh
Okawaru
Qazlal
Ru
Sif Muna
Trog
Uskayaw
Vehumet
Wu Jian
Xom
Yredelemnul
Zin
The Shining One

Shops:
D:6 ?   D:9 :

Annotations:
D:3 Grinder


Innate Abilities, Weirdness & Mutations

You have razor-sharp toenails.
You are mostly covered in molten scales. (AC +3)
You regenerate health from kills.
You have a beak for a mouth.
You can translocate small distances at will.
Your mind is acute. (Int +2)
Your system is resistant to poisons. (rPois)
You are covered in fur. (AC +1)


Message History

The 13-headed hydra grows two more!
You hit the 15-headed hydra.
You feel better.
The 15-headed hydra is severely wounded.
You hit the porcupine. The porcupine misses you.
The 15-headed hydra bites you but does no damage. x2
The 15-headed hydra misses you.
The 15-headed hydra bites you but does no damage.
The 15-headed hydra closely misses you. The 15-headed hydra bites you.
* * * LOW HITPOINT WARNING * * *
The 15-headed hydra bites you but does no damage.
The 15-headed hydra bites you!
* * * LOW HITPOINT WARNING * * *
The 15-headed hydra bites you!
* * * LOW HITPOINT WARNING * * *
The 15-headed hydra closely misses you.
The 15-headed hydra bites you but does no damage.
The 15-headed hydra bites you.
* * * LOW HITPOINT WARNING * * *
The 15-headed hydra bites you!
You die...

###...........#
.#.+...........#
.......$.....?#
.#............#
##...........#
##...........#
#..?........"#
##..r.D...>..#
#...@.......#
#...........#
#########.### ##


You could see a 15-headed hydra and a porcupine.

Vanquished Creatures
  A hydra (D:10)
  2 two-headed ogres
  Pikel (D:9)
  The ghost of Veteran the Firebug, a novice DgFE (D:6)
  Joseph (D:9)
  A komodo dragon (D:7)
  A hornet (D:8)
  Prince Ribbit (D:9)
  2 hippogriffs
  Sigmund (D:2)
  Grum (D:9)
  3 yaks (D:10)
  3 hungry ghosts
  3 wargs (D:10)
  A water moccasin (D:10)
  2 soldier ants (D:10)
  An ice beast (D:10)
  3 phantoms
  4 orc warriors
  3 sky beasts
  A slave (D:9)
  The ghost of Malachi the Skirmisher, an amateur DsBe of Trog (D:3)
  5 ogres
  2 wolves (D:9)
  5 centaurs
  2 bullfrogs (D:10)
  A scorpion (D:7)
  4 killer bees (D:8)
  4 howler monkeys
  5 crimson imps
  A centaur zombie (D:5)
  5 orc priests
  4 hounds
  A jelly (D:7)
  2 bullfrog skeletons
  A gnoll shaman (D:7)
  14 orc wizards
  6 worker ants
  Natasha (thrice) (D:4)
  2 iguanas
  A hound zombie (D:6)
  A worker ant zombie (D:5)
  Robin (D:3)
  12 gnolls
  11 adders
  A shadow imp (D:6)
  2 oozes
  An adder zombie (D:7)
  2 worms
  A dart slug (D:1)
  5 leopard geckos
  55 orcs
  5 bats
  7 giant cockroaches
  20 goblins
  12 hobgoblins
  14 jackals
  5 kobolds
  3 frilled lizards
  A quokka zombie (D:8)
  5 rats
270 creatures vanquished.

Vanquished Creatures (collateral kills)
  A yak (D:10)
1 creature vanquished.

Vanquished Creatures (others)
  A plant (Lair:1)
1 creature vanquished.

Grand Total: 272 creatures vanquished

Notes
Turn   | Place    | Note
-------+----------+-------------------------------------------
     0 | D:1      | Malachi the Demonspawn Berserker began the quest for the Orb.
     0 | D:1      | Reached XP level 1. HP: 18/18 MP: 1/1
   269 | D:1      | Gained mutation: You regenerate a little health from kills. [demonic ancestry]
   269 | D:1      | Reached XP level 2. HP: 24/24 MP: 2/2
   271 | D:1      | Reached skill level 3 in Axes
   995 | D:1      | Reached XP level 3. HP: 11/29 MP: 3/3
  1714 | D:2      | Noticed a sky beast
  1722 | D:2      | Killed a sky beast
  1722 | D:2      | Reached skill level 1 in Stealth
  1722 | D:2      | Reached XP level 4. HP: 37/37 MP: 4/4
  1823 | D:2      | Gained mutation: You have sharp toenails. [demonic ancestry]
  1823 | D:2      | Reached XP level 5. HP: 33/42 MP: 5/5
  2264 | D:2      | Reached ** piety under Trog
  2264 | D:2      | Reached skill level 4 in Axes
  2280 | D:2      | Noticed Sigmund
  2296 | D:2      | Killed Sigmund
  2296 | D:2      | Gained mutation: You are partially covered in molten scales. (AC +2) [demonic ancestry]
  2296 | D:2      | Reached XP level 6. HP: 49/49 MP: 6/6
  2324 | D:2      | Found a sacrificial altar of Ru.
  2424 | D:2      | You fall through a shaft!
  2467 | D:3      | Found an opulent altar of Gozag.
  2468 | D:3      | Noticed Malachi's ghost (amateur DsBe)
  2492 | D:3      | Killed Malachi's ghost
  3019 | D:3      | Noticed Robin
  3025 | D:3      | Reached skill level 5 in Axes
  3029 | D:3      | Reached *** piety under Trog
  3031 | D:3      | Killed Robin
  3031 | D:3      | Reached XP level 7. HP: 55/55 MP: 7/7
  3103 | D:3      | Noticed Grinder
  3770 | D:4      | Noticed Natasha
  3781 | D:4      | Killed Natasha
  3939 | D:4      | Reached skill level 5 in Fighting
  3966 | D:4      | Found a shattered altar of Ashenzari.
  3992 | D:4      | Found a glowing golden altar of the Shining One.
  3995 | D:4      | Found a basalt altar of Yredelemnul.
  4009 | D:4      | Found an iron altar of Okawaru.
  4083 | D:4      | Noticed Natasha
  4099 | D:4      | Killed Natasha
  4441 | D:4      | Noticed Natasha
  4449 | D:4      | Killed Natasha
  4478 | D:5      | Entered Level 5 of the Dungeon
  4571 | D:5      | Reached skill level 6 in Axes
  4645 | D:5      | Gained mutation: You have razor-sharp toenails. [demonic ancestry]
  4645 | D:5      | Reached XP level 8. HP: 35/62 MP: 8/8
  4950 | D:5      | Reached **** piety under Trog
  5510 | D:6      | Found a stormy altar of Qazlal.
  5622 | D:6      | Reached skill level 7 in Axes
  5660 | D:6      | Noticed Veteran's ghost (novice DgFE)
  5947 | D:6      | Killed Veteran's ghost
  5947 | D:6      | Gained mutation: You regenerate health from kills. [demonic ancestry]
  5947 | D:6      | Reached XP level 9. HP: 54/69 MP: 9/9
  6122 | D:6      | Found a staircase to the Ecumenical Temple.
  6222 | D:6      | Found Vusmalat's Magic Scroll Shoppe.
  6831 | Temple   | Entered the Ecumenical Temple
  7204 | D:6      | Bought a scroll of identify for 22 gold pieces
  7204 | D:6      | Bought a scroll of identify for 22 gold pieces
  7212 | D:7      | Gained mutation: Armour fits poorly on your strangely shaped body. [potion of mutation]
  7212 | D:7      | Gained mutation: You have a beak for a mouth. [potion of mutation]
  7212 | D:7      | Gained mutation: Your mind is acute. (Int +2) [potion of mutation]
  7213 | D:7      | Lost mutation: Armour fits poorly on your strangely shaped body. [potion of mutation]
  7213 | D:7      | Gained mutation: You are covered in fur. (AC +1) [potion of mutation]
  7213 | D:7      | Gained mutation: You can translocate small distances at will. [potion of mutation]
  7213 | D:7      | Gained mutation: Your system is resistant to poisons. (rPois) [potion of mutation]
  7346 | D:7      | Reached skill level 8 in Axes
  7346 | D:7      | Reached skill level 5 in Armour
  7603 | D:7      | Noticed a komodo dragon
  7612 | D:7      | Killed a komodo dragon
  7964 | D:7      | Reached skill level 5 in Dodging
  8453 | D:8      | Reached skill level 9 in Axes
  8604 | D:8      | Reached ***** piety under Trog
  8853 | D:8      | Noticed a two-headed ogre
  8860 | D:8      | Killed a two-headed ogre
  8860 | D:8      | Reached XP level 10. HP: 76/79 MP: 10/10
  9321 | D:9      | Noticed Joseph
  9323 | D:9      | Noticed a two-headed ogre
  9326 | D:9      | Killed Joseph
  9332 | D:9      | Killed a two-headed ogre
  9332 | D:9      | Reached skill level 10 in Axes
  9817 | D:9      | Noticed Grum
  9818 | D:9      | Noticed Prince Ribbit
  9847 | D:9      | Killed Grum
  9882 | D:9      | Killed Prince Ribbit
 10088 | D:9      | Found a shimmering altar of Xom.
 10132 | D:9      | Found Ulantan's Book Shoppe.
 10132 | D:9      | Noticed Pikel
 10141 | D:9      | Killed Pikel
 10402 | D:10     | Entered Level 10 of the Dungeon
 10458 | D:10     | Got a polished trident
 10563 | D:10     | Reached skill level 11 in Axes
 10563 | D:10     | Gained mutation: You are mostly covered in molten scales. (AC +3) [demonic ancestry]
 10563 | D:10     | Reached XP level 11. HP: 79/86 MP: 11/11
 10586 | D:10     | Paralysed by fainting for 5 turns
 10630 | D:10     | Found a staircase to the Lair.
 11117 | Lair:1   | Entered Level 1 of the Lair of Beasts
 11126 | Lair:1   | Noticed a four-headed hydra
 11129 | Lair:1   | Noticed an eight-headed hydra
 11142 | D:10     | Identified the +4 trident of Ysiamyq {pierce, rPois rC++ rN+ MR-} (You found it on level 10 of the Dungeon)
 11153 | D:10     | Killed a four-headed hydra
 11209 | Lair:1   | HP: 4/130 [15-headed hydra (4)]
 11209 | Lair:1   | Mangled by a 15-headed hydra

Vault maps used:
D:1:      evilmike_arrival_run_for_it
D:2:      nicolae_ru_path_of_blood, first_bread, uniq_sigmund
D:3:      nicolae_overflow_crystal_walls, corexii_item_surrounded_by_moat,
          uniq_robin, uniq_grinder
D:4:      grunt_temple_overflow_cloverleaf, uniq_natasha
D:6:      kennysheep_mini, minmay_temple_entry_glassed_door, serial_shops, shop,
          minmay_misc_feat_square, minivault_22
D:7:      item_on_display_a
D:9:      serial_shops, shop, basic_altar, uniq_joseph, uniq_pikel,
          uniq_prince_ribbit1, uniq_grum
D:10:     erik_lair_orcish_takeover, hangedman_pestilent_swarm
Temple:   regret_index_temple_generic_petals

Skill      XL: |  1  2  3  4  5  6  7  8  9 10 11 |
---------------+----------------------------------+-----
Axes           | 3 4 5 6 7 9 11 | 11.5
Armour         | 2 3 4 5 6 7 |  7.5
Fighting       | 4 5 6 7 8 |  8.3
Dodging        | 2 3 4 5 |  5.8
Stealth        | 1 2 3 |  3.2
Polearms       | |  0.1

Action                   |  1- 3 |  4- 6 |  7- 9 | 10-12 || total
-------------------------+-------+-------+-------+-------++-------
Melee: Hand axe          |   103 |   132 |   114 |       ||   349
       Kick              |       |    22 |   121 |    16 ||   159
       War axe           |       |       |   153 |       ||   153
       Battleaxe         |       |       |   168 |   249 ||   417
       Peck              |       |       |    18 |    49 ||    67
       Trident           |       |       |       |     4 ||     4
Invok: Berserk           |     3 |     3 |     6 |     3 ||    15
  Use: Scroll            |     1 |     4 |    13 |     3 ||    21
       Potion            |       |       |     9 |       ||     9
 Stab: Sleeping          |     1 |     2 |       |       ||     3
  Eat: Chunk             |     5 |     6 |    21 |     6 ||    38
       Fruit             |       |       |     6 |     9 ||    15
       Meat ration       |       |       |       |     1 ||     1
       Bread ration      |       |       |       |     1 ||     1
       Royal jelly       |       |       |       |     1 ||     1
Armor: Animal skin       |    15 |    14 |       |       ||    29
       Scale mail        |       |    35 |   222 |    48 ||   305
       Plate armour      |       |       |       |   156 ||   156
Dodge: Dodged            |    68 |    90 |   358 |   314 ||   830

Table legend:
 A = Spawn XP
 B = Non-spawn XP
 C = Spawn XP percentage of total XP
 D = Spawn monster count
 E = Non-spawn monster count
 F = Spawn count percentage of total count
 G = Total turns spent on level
                    A         B        C        D         E        F      G
               +---------+---------+-------+---------+---------+-------+---------
         Total |       0 |   14783 |   0.0 |       0 |     270 |   0.0 | 11209
               +---------+---------+-------+---------+---------+-------+---------
           D:1 |       0 |      42 |   0.0 |       0 |      20 |   0.0 |  1412
           D:2 |       0 |     430 |   0.0 |       0 |      25 |   0.0 |  1225
           D:3 |       0 |     275 |   0.0 |       0 |      39 |   0.0 |  1129
           D:4 |       0 |     473 |   0.0 |       0 |      16 |   0.0 |   712
           D:5 |       0 |     609 |   0.0 |       0 |      23 |   0.0 |  1219
           D:6 |       0 |    1531 |   0.0 |       0 |      31 |   0.0 |  1454
           D:7 |       0 |    1537 |   0.0 |       0 |      32 |   0.0 |  1184
           D:8 |       0 |    1582 |   0.0 |       0 |       9 |   0.0 |  1194
           D:9 |       0 |    3950 |   0.0 |       0 |      40 |   0.0 |   671
          D:10 |       0 |    4354 |   0.0 |       0 |      35 |   0.0 |   773
               +---------+---------+-------+---------+---------+-------+---------
